Map: Dusk Towers

Players

iGMacSed (MacSed) - Winner!

  • Race: Protoss Protoss

Eiki

  • Race: Protoss Protoss

Event: NationWars III

VOD

Have the link to the VOD?

Description

Time

  • Played on: Dec. 4, 2015, 3:23 p.m.
  • Length: 21:10
Show
View Real Time Build Order
Export as new Build Order

iGMacSed Protoss - Winner!

Build Orders: Nexus First, Blink Stalkers, Zealot Archon 

Get SALT Encoding   

  12  0:01  Probe (Chrono Boost)  
  13  0:11  Probe (Chrono Boost)  
  14  0:18  Pylon  
  14  0:22  Probe (Chrono Boost)  
  15  0:36  Probe (Chrono Boost)  
  16  0:46  Probe (Chrono Boost)  
  17  0:57  Nexus  
  17  1:07  Gateway  
  17  1:10  Probe (Chrono Boost)  
  18  1:18  Assimilator  
  18  1:20  Probe (Chrono Boost)  
  18  1:25  Assimilator  
  19  1:31  Probe (Chrono Boost)  
  20  1:41  Probe (Chrono Boost)  
  20  1:43  Pylon  
  21  1:52  Probe (Chrono Boost)  
  22  1:58  Cybernetics Core  
  22  2:02  Probe (Chrono Boost)  
  23  2:13  Probe (Chrono Boost)  
  23  2:15  Probe (Chrono Boost)  
  25  2:24  Probe (Chrono Boost)  
  25  2:25  Probe (Chrono Boost)  
  27  2:34  Stalker (Chrono Boost), Probe (Chrono Boost), Warp Gate  
  27  2:35  Probe (Chrono Boost)  
  31  2:42  Mothership Core  
  31  2:47  Probe  
  34  2:51  Twilight Council  
  34  2:58  Pylon  
  34  2:59  Probe  
  34  3:02  Stalker (Chrono Boost), Probe  
  38  3:11  Probe  
  38  3:12  Probe  
  39  3:23  Probe x2  
  39  3:25  Gateway  
  39  3:26  Gateway  
  41  3:30  Blink (Chrono Boost)  
  41  3:33  Stalker (Chrono Boost), Probe  
  43  3:35  Probe  
  45  3:42  Pylon  
  45  3:44  Probe  
  45  3:47  Pylon  
  46  3:59  Robotics Facility  
  46  4:00  Probe  
  47  4:05  Probe  
  48  4:13  Probe, Pylon  
  48  4:16  Probe  
  49  4:19  Pylon, Assimilator  
  49  4:23  Dark Shrine, Assimilator  
  50  4:25  Probe  
  50  4:26  Probe  
  52  4:32  Gateway  
  52  4:33  Gateway  
  52  4:36  Gateway  
  52  4:38  Probe  
  53  4:46  Observer (Chrono Boost)  
  53  4:49  Stalker  
  53  4:51  Probe  
  57  4:57  Stalker x2  
  57  4:58  Pylon  
  61  5:05  Pylon  
  63  5:07  Warp Prism (Chrono Boost)  
  63  5:11  Probe  
  64  5:17  Stalker  
  64  5:19  Pylon  
  66  5:26  Probe  
  66  5:30  Stalker x2  
  70  5:38  Observer (Chrono Boost)  
  70  5:40  Dark Templar  
  73  5:44  Probe  
  73  5:45  Nexus  
  73  5:46  Probe, Pylon  
  74  5:51  Dark Templar  
  74  5:55  Probe  
  77  6:02  Immortal (Chrono Boost)  
  81  6:07  Probe  
  81  6:08  Probe  
  81  6:09  Forge  
  83  6:19  Probe x2  
  85  6:30  Probe  
  85  6:31  Probe, Pylon  
  87  6:36  Immortal (Chrono Boost)  
  87  6:37  Sentry  
  91  6:40  Dark Templar  
  91  6:41  Probe  
  91  6:42  Stalker x2  
  91  6:43  Probe  
  95  6:51  Probe  
  95  6:52  Stalker  
  95  6:53  Stalker  
  98  7:04  Stalker  
  98  7:05  Stalker  
  98  7:07  Stalker  
  102  7:09  Warp Prism (Chrono Boost)  
  102  7:12  Probe  
  102  7:13  Probe  
  106  7:16  Pylon  
  106  7:17  Stalker  
  106  7:18  Stalker  
  106  7:20  Probe  
  106  7:22  Probe  
  108  7:31  Stalker x3  
  106  7:45  Nexus  
  106  7:47  Dark Templar x2  
  106  7:48  Stalker  
  106  7:49  Probe  
  113  7:51  Probe  
  113  7:53  Archon  
  113  7:54  Probe  
  115  8:03  Stalker x3  
  114  8:17  Dark Templar  
  94  8:26  Zealot x3  
  84  8:27  Probe, Zealot x2  
  84  8:29  Probe  
  72  8:36  Probe  
  72  8:38  Probe  
  65  8:47  Stalker x4  
  65  8:48  Probe  
  64  8:49  Probe  
  64  8:50  Probe  
  67  8:57  Zealot  
  67  8:58  Probe, Zealot  
  67  9:00  Probe  
  67  9:01  Probe  
  71  9:09  Probe  
  69  9:11  Probe, Assimilator  
  69  9:12  Assimilator  
  69  9:13  Probe  
  69  9:14  Immortal (Chrono Boost)  
  74  9:19  Probe  
  74  9:20  Zealot x2  
  74  9:21  Probe  
  74  9:28  Dark Templar  
  72  9:31  Zealot x2  
  72  9:33  Probe  
  76  9:40  Probe  
  76  9:43  Stalker  
  76  9:44  Probe  
  66  9:56  Stalker x2, Probe x2  
  72  10:04  Probe  
  71  10:07  Probe  
  71  10:08  Probe  
  73  10:15  Probe  
  73  10:16  Immortal (Chrono Boost)  
  78  10:25  Probe  
  78  10:26  Probe x2  
  79  10:35  Probe  
  79  10:36  Probe  
  79  10:39  Probe  
  79  10:41  Dark Templar  
  84  10:46  Probe  
  84  10:47  Probe  
  84  10:48  Robotics Bay  
  86  10:51  Probe, Protoss Ground Weapons Level 1  
  86  10:56  Probe  
  87  10:58  Probe  
  89  11:05  Stalker x2  
  89  11:07  Probe  
  95  11:11  Photon Cannon  
  95  11:15  Probe  
  95  11:17  Probe, Photon Cannon  
  96  11:21  Stalker  
  98  11:35  Stalker x2  
  98  11:36  Probe x2  
  98  11:37  Probe, Disruptor (Chrono Boost)  
  108  11:46  Probe x2  
  108  11:48  Robotics Facility  
  110  11:59  Dark Templar  
  110  12:00  Dark Templar  
  113  12:01  Dark Templar  
  113  12:05  Probe  
  113  12:08  Disruptor (Chrono Boost)  
  119  12:13  Probe  
  119  12:14  Probe  
  121  12:16  Stalker  
  123  12:22  Pylon  
  123  12:29  Stalker x2  
  127  12:30  Pylon  
  127  12:37  Disruptor (Chrono Boost)  
  127  12:38  Disruptor (Chrono Boost)  
  131  13:09  Disruptor (Chrono Boost)  
  131  13:10  Disruptor (Chrono Boost)  
  135  13:16  Nexus  
  133  13:24  Pylon  
  133  13:27  Stargate  
  133  13:32  Assimilator  
  133  13:37  Assimilator  
  133  13:39  Pylon  
  133  13:40  Disruptor (Chrono Boost)  
  133  13:41  Disruptor (Chrono Boost), Protoss Ground Weapons Level 2, Photon Cannon  
  139  13:43  Dark Templar  
  139  13:44  Dark Templar, Photon Cannon  
  139  13:48  Photon Cannon  
  143  13:51  Photon Cannon  
  143  13:53  Probe, Photon Cannon  
  144  13:56  Dark Templar  
  144  14:07  Disruptor (Chrono Boost)  
  144  14:14  Oracle (Chrono Boost)  
  144  14:16  Fleet Beacon  
  146  14:19  Stargate  
  146  14:24  Photon Cannon  
  146  14:26  Photon Cannon  
  146  14:28  Disruptor  
  146  14:40  Disruptor  
  147  14:49  Oracle (Chrono Boost)  
  150  14:55  Stalker x2  
  150  14:56  Stalker x4  
  160  15:11  Disruptor  
  152  15:14  Disruptor  
  158  15:32  Tempest (Chrono Boost)  
  160  15:41  Tempest (Chrono Boost)  
  161  15:53  Nexus  
  161  15:55  Pylon  
  161  16:04  Pylon  
  161  16:10  Tempest (Chrono Boost)  
  165  16:19  Tempest (Chrono Boost)  
  165  16:22  Dark Templar x3  
  175  16:31  Dark Templar, Photon Cannon  
  174  16:48  Stalker x2  
  174  17:03  Tempest x2 (Chrono Boost)  
  178  17:13  Photon Cannon  
  178  17:17  Photon Cannon  
  175  17:34  Stalker x2  
  175  17:35  Stalker x4  
  171  18:21  Pylon  
  171  18:26  Nexus  
  171  18:39  Oracle x2 (Chrono Boost)  
  177  18:49  Stalker  
  177  19:11  Pylon  
  177  19:14  Stalker  
  179  19:27  Oracle (Chrono Boost)  
  180  19:34  Stalker x4  
  188  19:42  Stalker x2  
  174  20:02  Gateway  
  174  20:03  Gateway  
  174  20:05  Dark Templar x3  
  174  20:06  Dark Templar  
  177  20:11  Dark Templar x5  
  177  20:26  Stalker  
  168  21:00  Stalker x6  
Show
View Real Time Build Order
Export as new Build Order

Eiki Protoss 

Build Orders: 1 Gate Expand, Blink Stalkers 

Get SALT Encoding   

  12  0:01  Probe (Chrono Boost)  
  13  0:11  Probe (Chrono Boost)  
  14  0:18  Pylon  
  14  0:22  Probe (Chrono Boost)  
  15  0:36  Probe (Chrono Boost)  
  15  0:37  Gateway  
  16  0:47  Probe (Chrono Boost)  
  17  1:06  Nexus  
  17  1:09  Probe (Chrono Boost)  
  18  1:19  Probe (Chrono Boost)  
  18  1:24  Cybernetics Core  
  19  1:29  Assimilator  
  19  1:31  Assimilator  
  19  1:35  Probe (Chrono Boost)  
  20  1:41  Pylon  
  20  1:45  Probe (Chrono Boost)  
  21  1:56  Probe (Chrono Boost)  
  21  2:00  Adept (Chrono Boost)  
  24  2:07  Probe  
  25  2:18  Probe (Chrono Boost)  
  25  2:19  Mothership Core (Chrono Boost)  
  28  2:26  Gateway  
  28  2:29  Probe (Chrono Boost)  
  29  2:31  Warp Gate  
  29  2:37  Stalker  
  29  2:38  Probe (Chrono Boost)  
  29  2:39  Probe (Chrono Boost)  
  33  2:49  Probe (Chrono Boost)  
  33  2:50  Probe (Chrono Boost)  
  35  2:59  Probe (Chrono Boost)  
  35  3:00  Probe (Chrono Boost)  
  37  3:10  Probe (Chrono Boost)  
  37  3:11  Stalker, Probe (Chrono Boost)  
  41  3:14  Twilight Council  
  41  3:17  Assimilator  
  41  3:20  Stalker  
  41  3:23  Pylon  
  41  3:24  Probe (Chrono Boost)  
  41  3:25  Probe (Chrono Boost)  
  45  3:34  Probe (Chrono Boost)  
  45  3:36  Assimilator  
  45  3:38  Pylon  
  46  3:41  Probe (Chrono Boost)  
  46  3:42  Stalker  
  46  3:45  Probe (Chrono Boost)  
  46  3:46  Blink (Chrono Boost)  
  50  3:52  Probe (Chrono Boost)  
  52  3:55  Probe (Chrono Boost)  
  52  4:02  Stalker  
  54  4:06  Probe (Chrono Boost)  
  54  4:07  Probe (Chrono Boost)  
  54  4:14  Gateway  
  54  4:16  Gateway  
  54  4:19  Probe (Chrono Boost)  
  54  4:20  Probe (Chrono Boost)  
  56  4:24  Robotics Facility  
  56  4:39  Adept, Pylon  
  56  4:41  Stalker  
  56  4:42  Pylon  
  60  4:54  Pylon  
  60  5:00  Probe (Chrono Boost)  
  60  5:06  Stalker x2  
  66  5:14  Observer  
  66  5:16  Stalker  
  66  5:17  Stalker, Robotics Bay  
  70  5:30  Nexus  
  70  5:34  Pylon  
  70  5:35  Warp Prism (Chrono Boost)  
  72  5:36  Pylon  
  72  5:40  Stalker  
  72  5:42  Probe x2  
  76  5:57  Probe x2  
  76  5:58  Pylon  
  76  5:59  Stalker x2  
  82  6:11  Stalker x2  
  89  6:14  Forge  
  89  6:22  Probe x2  
  91  6:30  Stalker, Observer (Chrono Boost)  
  91  6:31  Stalker  
  85  6:49  Disruptor (Chrono Boost)  
  85  6:50  Probe x2, Protoss Ground Weapons Level 1 (Chrono Boost)  
  87  6:55  Probe  
  87  6:58  Photon Cannon  
  87  7:00  Adept  
  90  7:02  Probe x2  
  90  7:08  Adept x2  
  96  7:09  Probe  
  96  7:14  Probe  
  98  7:18  Probe  
  98  7:20  Probe, Photon Cannon  
  100  7:27  Probe  
  99  7:35  Disruptor  
  96  7:41  Probe  
  96  7:42  Probe x2  
  99  7:55  Probe x2  
  99  8:09  Adept x4  
  99  8:10  Disruptor  
  89  8:31  Stalker x3  
  77  8:43  Stalker  
  77  8:46  Disruptor  
  71  8:53  Gateway  
  71  8:54  Gateway  
  67  8:58  Probe  
  67  8:59  Probe x2  
  67  9:02  Photon Cannon  
  70  9:07  Mothership Core, Protoss Ground Weapons Level 2 (Chrono Boost)  
  70  9:08  Zealot x4  
  78  9:29  Stalker  
  78  9:30  Stalker x2  
  84  9:32  Probe  
  84  9:36  Probe  
  84  9:37  Pylon  
  80  9:54  Observer (Chrono Boost)  
  78  10:02  Stalker x2  
  78  10:03  Stalker x4  
  78  10:05  Probe x3  
  93  10:12  Pylon  
  93  10:15  Pylon  
  93  10:27  Disruptor (Chrono Boost)  
  93  10:30  Pylon  
  93  10:33  Pylon  
  93  10:35  Probe  
  97  10:37  Probe  
  97  10:38  Probe  
  99  10:48  Probe  
  99  10:49  Probe x2  
  101  10:55  Pylon  
  102  10:57  Adept  
  102  10:58  Adept  
  102  11:01  Disruptor  
  103  11:07  Probe  
  103  11:09  Probe  
  103  11:10  Probe  
  109  11:20  Probe  
  109  11:22  Protoss Ground Weapons Level 3 (Chrono Boost)  
  110  11:26  Probe  
  110  11:27  Probe  
  110  11:33  Disruptor  
  110  11:36  Probe  
  110  11:37  Probe  
  115  11:43  Stalker x2  
  119  12:01  Stalker  
  119  12:02  Stalker x3  
  119  12:06  Pylon  
  119  12:07  Disruptor  
  127  12:11  Pylon  
  130  12:17  Photon Cannon  
  130  12:20  Photon Cannon  
  130  12:23  Pylon  
  131  12:46  Stalker x3  
  137  12:55  Observer  
  135  13:00  Stalker  
  135  13:01  Stalker, Zealot  
  136  13:17  Disruptor  
  137  13:29  Photon Cannon x2  
  137  13:30  Photon Cannon  
  137  13:34  Dark Shrine  
  137  13:41  Protoss Shields Level 1 (Chrono Boost)  
  137  13:46  Nexus  
  137  13:48  Pylon, Warp Prism  
  137  13:52  Pylon  
  139  14:00  Observer Gravitic Boosters  
  138  14:16  Photon Cannon  
  138  14:18  Stalker x3, Photon Cannon  
  142  14:28  Stalker x2  
  146  14:47  Stalker x4  
  129  15:09  Probe  
  129  15:10  Probe  
  129  15:11  Probe x2  
  131  15:21  Stalker x5, Disruptor  
  131  15:22  Stalker  
  131  15:27  Protoss Ground Armor Level 1 (Chrono Boost)  
  144  15:42  Probe  
  144  15:43  Probe x2  
  144  15:45  Pylon  
  147  15:59  Dark Templar x4  
  147  16:02  Probe x2  
  147  16:03  Probe x2  
  159  16:15  Probe  
  158  16:29  Disruptor  
  158  16:30  Stalker x2  
  159  16:42  Stalker x3  
  159  16:43  Stalker  
  163  16:58  Stalker  
  163  16:59  Stalker  
  163  17:01  Probe  
  163  17:02  Probe x2  
  163  17:03  Assimilator  
  163  17:07  Assimilator  
  166  17:09  Pylon  
  166  17:11  Disruptor  
  166  17:17  Assimilator  
  166  17:18  Assimilator  
  157  17:39  Stalker x3  
  157  17:40  Pylon  
  152  18:20  Dark Templar  
  152  18:24  Nexus  
  154  18:27  Pylon  
  154  18:30  Pylon  
  154  18:33  Pylon  
  148  18:39  Stalker  
  148  18:40  Stalker x4  
  153  18:49  Assimilator  
  153  18:53  Assimilator  
  153  18:56  Photon Cannon  
  153  19:00  Photon Cannon  
  153  19:06  Disruptor  
  102  19:13  Stalker x5  
  115  19:18  Stalker  
  86  19:41  Stalker  
  86  19:42  Stalker x4  
  86  19:57  Disruptor  
  85  20:11  Stalker x2  
  85  20:12  Stalker x2  
  89  20:24  Probe  
  86  20:33  Stalker  
  86  20:34  Stalker, Probe  
  78  20:45  Stalker  
  78  20:46  Stalker x3  
  59  21:03  Stalker x2  
Tags
 
Add a new tag
Caveats
  • Supply blocks, unpowered buildings, or Contaminate may cause inaccurate times.
  • Supply counts are checked every 10 seconds.